 Dungeon Crawl Stone Soup version 0.31-a0-832-g3a2c1c66ba (webtiles) character file.

Game seed: 7268098952974456097

348 Bnni the Vexing (level 6, -23/46 HPs)
             Began as a Formicid Hexslinger on Sept 25, 2023.
             Killed by an exploding Duvessa (30 damage)
             ... ignited by their inner flame
             ... on level 5 of the Dungeon.
             The game lasted 00:04:18 (3315 turns).

Bnni the Vexing (Formicid Hexslinger)               Turns: 3315, Time: 00:04:19

Health: -23/46     AC:  4    Str: 12    XL:     6   Next: 91%
Magic:  0/9        EV: 12    Int: 13    God:
Gold:   228        SH:  0    Dex: 18    Spells: 0/9 levels left

rFire   . . .        a - +1 sling
rCold   . . .        (no shield)
rNeg    . . .        c - +0 robe
rPois   .            (helmet unavailable)
rElec   .            p - +0 cloak
rCorr   +            k - +0 pair of gloves
SInv    +            (no boots)
Will    .....        (no amulet)
Stlth   ++           h - ring of resist corrosion
HPRegen 0.27/turn    (no ring)
MPRegen 0.11/turn

%: no passive effects
@: weak-willed
A: permanent stasis, dig shafts and tunnels, antennae 3, four strong arms
a: Dig, Shaft Self


You were on level 5 of the Dungeon.
You visited 1 branch of the dungeon, and saw 5 of its levels.

You collected 228 gold pieces.

Inventory:

Hand Weapons
 a - a +1 sling (weapon)
 q - a +2 whip of electrocution
Armour
 c - a +0 robe (worn)
 k - a +0 pair of gloves (worn)
 p - a +0 cloak (worn)
Jewellery
 h - a ring of resist corrosion (left hand)
Scrolls
 b - a scroll of poison
 d - 2 scrolls of amnesia {unknown}
 j - a scroll of teleportation {unknown}
 l - a scroll of enchant weapon {unknown}
 m - 2 scrolls of identify {unknown}
Potions
 f - 4 potions of curing {unknown}
 g - a potion of heal wounds {unknown}
 i - a potion of cancellation {unknown}
 n - a potion of degeneration {unknown}
 o - a potion of mutation {unknown}


   Skills:
 + Level 2.7 Fighting
 * Level 3.8 Ranged Weapons
 - Level 1.7 Dodging
 + Level 2.4 Spellcasting
 * Level 5.3 Hexes
 - Level 3.0 Fire Magic


You couldn't memorise any spells.
You knew the following spells:

 Your Spells              Type           Power      Damage    Failure   Level
a - Jinxbite              Hex            30%        N/A       4%          2
b - Inner Flame           Hex/Fire       12%        N/A       13%         3
d - Cause Fear            Hex            7%         N/A       26%         4

Your spell library contained the following spells:

 Spells                   Type           Power      Damage    Failure   Level
 Sigil of Binding         Hex            15%        N/A       9%          3
 Lesser Beckoning         Tloc           2%         N/A       36%         2
 Momentum Strike          Conj/Tloc      2%         3d8       36%         2
 Dimensional Bullseye     Hex/Tloc       4%         N/A       63%         4
 Manifold Assault         Tloc           1%         N/A       94%         4
 Blink                    Tloc           Unusable   N/A       N/A         2

Dungeon Overview and Level Annotations

Branches:
Dungeon (5/15)
 Temple: D:4-7

Altars:
Fedhas
Okawaru
Zin


Innate Abilities, Weirdness & Mutations

You cannot be hasted, slowed, berserked, paralysed or teleported.
You can dig through walls and to a lower floor.
You have a pair of large antennae on your head. (SInv)
Your four strong arms can wield two-handed weapons with a shield.


Message History

Flame seeps out of Duvessa.
Duvessa is lightly wounded.
A giggling sprite leaps out and doodles on Duvessa's face.
Flame seeps out of Duvessa.
Duvessa is lightly wounded.
Duvessa is engulfed in blazing flames.
Flame seeps out of Duvessa.
You shoot a sling bullet. The sling bullet hits Duvessa!
Flame seeps out of Duvessa.
Duvessa is heavily wounded.
Duvessa seems less drained.
Duvessa is engulfed in blazing flames.
Flame seeps out of Duvessa.
You shoot a sling bullet.
The sling bullet closely misses Duvessa.
Duvessa hits you with a +0 rapier.
You shoot a sling bullet.
The sling bullet hits Duvessa but does no damage.
Duvessa is almost dead.
Duvessa hits you with a +0 rapier. Duvessa hits you with a +0 rapier!
Okay, then.
Okay, then.
Okay, then.
Duvessa attacks as she pursues you! Duvessa hits you with a +0 rapier.
The jinxing sprites lose interest in you.
Duvessa attacks as she pursues you! Duvessa misses you.
Duvessa roars, "You can run, but you cannot escape us forever!"
Duvessa attacks as she pursues you! Duvessa hits you with a +0 rapier.
Duvessa attacks as she pursues you! Duvessa hits you with a +0 rapier!
* * * LOW HITPOINT WARNING * * *
Casting: Jinxbite (safe; 4% risk of failure)
Confirm with . or Enter, or press ? or * to list all spells.
Casting: Cause Fear (quite dangerous; 26% risk of failure)
Press: ? - help, Dir - look around, f - activate Duvessa easily resists.
Duvessa misses you.
Unknown command.
You shoot a sling bullet. The sling bullet hits Duvessa.
You hear a distant wail of despair.
Duvessa explodes!
The fiery explosion engulfs you!!
Ouch! That really hurt!
You die...

.........
.........
[........
.........
......... ...##...
..†.##############
.##.....#...<.§§.#
.######.......§§@#
.# ###.....§.§# .#
#........# ##
#..........#
...########## ###


There were no monsters in sight!

Vanquished Creatures
  Duvessa (D:5)
  A phantom (D:4)
  A hound (D:5)
  Crazy Yiuf (D:4)
  A sleepcap (D:3)
  Natasha (thrice) (D:4)
  Robin (D:4)
  2 adders (D:3)
  A worm (D:4)
  A dart slug (D:3)
  12 orcs
  2 ball pythons (D:1)
  3 bats
  6 endoplasms
  2 giant cockroaches
  10 goblins
  4 hobgoblins
  4 jackals (D:1)
  4 kobolds
  4 quokkas
  4 frilled lizards (D:1)
  4 rats
72 creatures vanquished.

Notes
Turn   | Place    | Note
-------+----------+-------------------------------------------
     0 | D:1      | Bnni the Formicid Hexslinger began the quest for the Orb.
     0 | D:1      | Reached XP level 1. HP: 15/15 MP: 2/2
    54 | D:1      | Reached XP level 2. HP: 21/21 MP: 3/3
    61 | D:1      | Learned a level 2 spell: Jinxbite
   282 | D:1      | Reached skill level 4 in Hexes
   383 | D:1      | Found a faded altar of an unknown god.
   498 | D:2      | Reached XP level 3. HP: 26/26 MP: 4/4
  1290 | D:3      | Found an iron altar of Okawaru.
  1325 | D:3      | Reached XP level 4. HP: 27/32 MP: 4/6
  1562 | D:3      | Learned a level 3 spell: Inner Flame
  2028 | D:3      | Found a blossoming altar of Fedhas.
  2073 | D:4      | Noticed Robin
  2082 | D:3      | Reached XP level 5. HP: 28/38 MP: 4/7
  2239 | D:4      | Noticed a phantom
  2253 | D:4      | Killed a phantom
  2337 | D:4      | Found a glowing silver altar of Zin.
  2416 | D:4      | Noticed Natasha
  2422 | D:4      | Killed Natasha
  2423 | D:4      | Reached XP level 6. HP: 36/45 MP: 6/9
  2463 | D:4      | Killed Robin
  2464 | D:4      | Reached skill level 5 in Hexes
  2678 | D:4      | Noticed Natasha
  2685 | D:4      | Killed Natasha
  2693 | D:4      | Noticed Natasha
  2703 | D:4      | Killed Natasha
  2802 | D:4      | Found a runed translucent door.
  2803 | D:4      | Noticed Crazy Yiuf
  2885 | D:4      | Learned a level 4 spell: Cause Fear
  3019 | D:4      | Killed Crazy Yiuf
  3247 | D:5      | Entered Level 5 of the Dungeon
  3287 | D:5      | Noticed Duvessa
  3315 | D:5      | Killed Duvessa
  3315 | D:5      | Killed by an exploding Duvessa... ignited by their inner
                  | flame

Illustrated notes

Levels and vault maps discovered:
D:1:      dpeg_arrival_ternary, layout_rooms,
          shapermc_ecumenical_altar_hornbeckon
D:2:      layout_basic
D:3:      layout_loops_corners, fedhas_altar_fruit_tree,
          overflow_temple_1_default, minivault_19
D:4:      layout_rooms, amcnicky_altar_gilded, uniq_natasha,
          uniq_crazy_yiuf_cottage, uniq_robin
D:5:      gammafunk_cloud_chamber, layout_rooms,
          minmay_temple_entry_statues_pillars, uniq_duvessa, uniq_edmund,
          uniq_pikel

Skill      XL: |  1  2  3  4  5  6 |
---------------+-------------------+-----
Hexes          | 4 5 |  5.3
Fire Magic     | 2 3 |  3.0
Fighting       | 2 |  2.7
Ranged Weapons | 3 |  3.8
Spellcasting   | 2 |  2.4
Dodging        | |  1.7

Action                     |  1- 3 |  4- 6 || total
---------------------------+-------+-------++-------
  Melee: Whip              |       |     3 ||     3
   Fire: Sling             |    80 |   156 ||   236
  Throw: Dart              |       |     2 ||     2
   Cast: Jinxbite          |     2 |    12 ||    14
         Inner Flame       |       |     3 ||     3
         Cause Fear        |       |     2 ||     2
 Armour: Robe              |    13 |    74 ||    87
  Dodge: Dodged            |    15 |    67 ||    82

Table legend: (Time is in decaauts)
 A = Elapsed time spent in this place.
 B = Non-inter-level travel time spent in this place.
 C = Inter-level travel time spent in this place.
 D = Time resting spent in this place.
 E = Time spent auto-exploring this place.
 F = Levels seen in this place.
 G = Mean time per level.
                   A        B        C        D        E       F      G
               +--------+--------+--------+--------+--------+-----+--------+
         Total |   3380 |   3082 |    298 |    194 |   2323 |   5 |  676.0 |
       Dungeon |   3380 |   3082 |    298 |    194 |   2323 |   5 |  676.0 |
               +--------+--------+--------+--------+--------+-----+--------+

Top non-repeatable levels by time:
     D:3: 1083 daAuts
     D:4: 1032 daAuts
     D:2: 686 daAuts
     D:1: 510 daAuts
     D:5: 68 daAuts
